 Dungeon Crawl Stone Soup version 0.29-a0-845-g6161e89988 (webtiles) character file.

Game seed: 10106189964354839004

1112 buhh the Shooter (level 8, -8/67 HPs)
             Began as a Formicid Hunter on July 15, 2022.
             Mangled by an orc warrior
             ... wielding a +0 glaive
              (10 damage)
             ... on level 8 of the Dungeon.
             The game lasted 00:07:45 (6871 turns).

buhh the Shooter (Formicid Hunter)                  Turns: 6871, Time: 00:07:46

Health: -8/67      AC:  7    Str: 16    XL:     8   Next: 59%
Magic:  6/8        EV: 12    Int:  9    God:
Gold:   296        SH:  0    Dex: 19    Spells: 5/7 levels left

rFire   . . .      SeeInvis +   g - +0 shortbow
rCold   . . .      Faith    .   (no shield)
rNeg    . . .      Spirit   .   m - +0 leather armour
rPois   .          Reflect  .   (helmet unavailable)
rElec   .          Harm     .   (no cloak)
rCorr   .          Rampage  .   (no gloves)
Will    .....                   (no boots)
Stlth   ++........              (no amulet)
HPRegen 0.21/turn               h - ring of wizardry
MPRegen 0.11/turn               n - +4 ring of protection

@: wereblooded
A: permanent stasis, dig shafts and tunnels, antennae 3, four strong arms
a: Dig, Shaft Self


You were on level 8 of the Dungeon.
You visited 1 branch of the dungeon, and saw 7 of its levels.

You collected 296 gold pieces.

Inventory:

Hand Weapons
 g - a +0 shortbow (weapon)
Missiles
 r - 6 poisoned darts
Armour
 m - a +0 leather armour (worn)
Jewellery
 h - a ring of wizardry (left hand)
 n - a +4 ring of protection (right hand)
Scrolls
 c - 2 scrolls of teleportation {!d!d}
 d - a scroll of magic mapping {!d}
 f - a scroll of brand weapon
 j - a scroll of enchant weapon
 l - a scroll of immolation {!r}
 p - a scroll of vulnerability
 q - 2 scrolls of blinking {unknown}
 s - a scroll of fog {unknown}
 t - a scroll of fear {unknown}
 v - a scroll of silence {unknown}
Potions
 a - a potion of invisibility {unknown}
 b - 2 potions of mutation {unknown}
 e - 2 potions of heal wounds {unknown}
 i - 2 potions of might {unknown}
 k - 2 potions of flight {unknown}
 o - 6 potions of curing {unknown}
 u - a potion of haste {unknown}
 w - a potion of berserk rage {unknown}


   Skills:
 + Level 7.2 Fighting
 + Level 7.5 Ranged Weapons
 - Level 2.1 Dodging
 - Level 2.0 Stealth
 - Level 3.0 Transmutations


You had 5 spell levels left.
You knew the following spells:

 Your Spells              Type           Power      Damage    Failure   Level
b - Wereblood             Tmut           5%         N/A       9%          2

Your spell library contained the following spells:

 Spells                   Type           Power      Damage    Failure   Level
 Beastly Appendage        Tmut           10%        N/A       6%          1
 Spider Form              Tmut/Pois      2%         N/A       32%         3


Dungeon Overview and Level Annotations

Branches:
Dungeon (6/15) Zot: 26713
 Temple: D:4-7

Altars:
Hepliaklqana
Kikubaaqudgha
Trog


Innate Abilities, Weirdness & Mutations

You cannot be hasted, slowed, berserked, paralysed or teleported.
You can dig through walls and to a lower floor.
You have a pair of large antennae on your head. (SInv)
Your four strong arms can wield two-handed weapons with a shield.


Message History

A kobold comes into view. It is wielding a +0 whip.
The orc warrior barely misses you.
Your Fighting skill increases to level 7!
Aiming: Corrosive Bolt
Press: ? - help, Shift-Dir - straight line, f - orc warrior, p - kobold brigand
Aim: an orc warrior, wielding a +0 glaive and wearing a +0 chain mail (68% to hit)
The bolt of acid hits the kobold brigand!
You feel a bit better.
You kill the kobold brigand!
The bolt of acid hits the orc warrior!
The acid corrodes the orc warrior!
The orc warrior is moderately wounded.
The bolt of acid misses the kobold.
The bolt of acid hits the kobold!
You kill the kobold!
The orc warrior closely misses you.
Your life force feels restored.
Aiming: Corrosive Bolt
Press: ? - help, Shift-Dir - straight line, f/p - orc warrior
Aim: an orc warrior, wielding a +0 glaive and wearing a +0 chain mail (moderately wounded, covered in acid, 68% to hit)
The bolt of acid hits the orc warrior!
The orc warrior is almost dead.
The bolt of acid misses the kobold.
The orc warrior hits you from afar with a +0 glaive.
* * * LOW HITPOINT WARNING * * *
Aiming: Corrosive Bolt
Press: ? - help, Shift-Dir - straight line, f/p - orc warrior
Aim: an orc warrior, wielding a +0 glaive and wearing a +0 chain mail (almost dead, covered in acid, 68% to hit)
The bolt of acid misses the orc warrior.
The bolt of acid misses the kobold.
The now-empty wand crumbles to dust.
You howl as the wereblood boils in your veins!
The orc warrior hits you from afar with a +0 glaive!
* * * LOW HITPOINT WARNING * * *
You aren't carrying any items that you can evoke.
Unknown command.
Fire: g) +0 shortbow
Press: ? - help, Q - select action, (/) - cycle Shift-Dir - straight line, f/p - orc warrior
Aim: an orc warrior, wielding a +0 glaive and wearing a +0 chain mail (almost dead, covered in acid, 69% to hit)
You shoot an arrow. The arrow hits the orc warrior.
The orc warrior is almost dead.
The orc warrior hits you from afar with a +0 glaive!
You die...

### #### #.. #...##
#.# #.#..{ #.#
#.##{# #.# #.##{#
#.# #.##.#
#.########.##.####.#
#......@)oK))......#
############..!!...#
#########


You could see an orc warrior (corroded) and a kobold.

Vanquished Creatures
  2 phantoms (D:5)
  A kobold brigand (D:8)
  A scorpion (D:3)
  A necrophage (D:4)
  3 vampire bats (D:5)
  5 orc priests
  2 hounds (D:5)
  Jessica (D:2)
  Terence (D:2)
  An iguana (D:5)
  4 orc wizards
  Robin (D:2)
  9 adders
  4 gnolls (D:4)
  A white imp (D:5)
  2 ufetubi (D:5)
  A worm (D:5)
  2 dart slugs
  16 orcs
  6 ball pythons
  10 bats
  2 bat skeletons (D:5)
  4 bat zombies (D:5)
  3 endoplasms (D:3)
  6 giant cockroaches
  9 goblins
  9 hobgoblins
  6 kobolds
  5 quokkas
  2 frilled lizards (D:2)
  7 rats
127 creatures vanquished.

Notes
Turn   | Place    | Note
-------+----------+-------------------------------------------
     0 | D:1      | buhh the Formicid Hunter began the quest for the Orb.
     0 | D:1      | Reached XP level 1. HP: 16/16 MP: 1/1
    86 | D:1      | Reached XP level 2. HP: 19/23 MP: 2/2
   463 | D:1      | Reached XP level 3. HP: 28/28 MP: 3/3
  1446 | D:2      | Noticed Jessica
  1448 | D:2      | Killed Jessica
  1449 | D:2      | Reached XP level 4. HP: 35/35 MP: 4/4
  1590 | D:2      | Noticed Terence
  1624 | D:2      | You fall into a shaft and drop 2 floors!
  1670 | D:4      | Noticed a scorpion
  1680 | D:3      | You fall into a shaft and drop 2 floors!
  1680 | D:5      | Entered Level 5 of the Dungeon
  1988 | D:5      | Noticed a phantom
  1998 | D:5      | Killed a phantom
  1999 | D:5      | Reached skill level 5 in Ranged Weapons
  1999 | D:5      | Reached XP level 5. HP: 26/42 MP: 5/5
  2534 | D:5      | Reached XP level 6. HP: 19/49 MP: 6/6
  3354 | D:4      | Reached skill level 5 in Fighting
  3565 | D:4      | You fall into a shaft and drop 1 floor!
  4103 | D:3      | Reached XP level 7. HP: 53/56 MP: 7/7
  4398 | D:3      | Found a hazy altar of Hepliaklqana.
  4398 | D:3      | Found a bloodstained altar of Trog.
  4921 | D:3      | Found a faded altar of an unknown god.
  5072 | D:2      | Killed Terence
  5172 | D:2      | Noticed Robin
  5182 | D:2      | Killed Robin
  5822 | D:5      | Learned a level 2 spell: Wereblood
  6144 | D:5      | Reached skill level 1 in Transmutations
  6144 | D:5      | Reached XP level 8. HP: 56/65 MP: 5/8
  6205 | D:5      | Found an ancient bone altar of Kikubaaqudgha.
  6589 | D:6      | You fall into a shaft and drop 2 floors!
  6870 | D:8      | HP: 2/67 [orc warrior/+0 glaive (11)]
  6871 | D:8      | Mangled by an orc warrior

Illustrated notes

Levels and vault maps discovered:
D:1:      ebering_trefoil_3fold, layout_basic
D:2:      layout_loops_corners, minmay_misc_feat_chi, minmay_pentomino_p4,
          uniq_terence, uniq_jessica, uniq_robin
D:3:      layout_loops_ring, gammafunk_temple_overflow_statue,
          cheibrodos_sewer_entry_sluice, chequers_ecumenical_altar_grove
D:4:      layout_gridville, nicolae_figureground_sparkle
D:5:      layout_loops_ring, kennysheep_vampire_church, grunt_ministairs_13
D:6:      layout_rooms, yredelemnul_forgotten_temple_becter, kb_rosetta
D:8:      layout_basic, nicolae_overflow_crystal_walls, enter_bailey_3,
          hangedman_decor_push

Skill      XL: |  1  2  3  4  5  6  7  8 |
---------------+-------------------------+-----
Dodging        | 2 |  2.1
Stealth        | 2 |  2.0
Fighting       | 3 4 5 6 7 |  7.2
Ranged Weapons | 5 6 7 |  7.5
Transmutations | 1 3 |  3.0

Action                   |  1- 3 |  4- 6 |  7- 9 || total
-------------------------+-------+-------+-------++-------
 Fire: Shortbow          |    82 |   120 |   226 ||   428
 Cast: Wereblood         |       |       |     5 ||     5
 Abil: Dig               |     1 |       |       ||     1
       Shaft Self        |       |     2 |     1 ||     3
Evoke: Wand              |       |       |     4 ||     4
  Use: Scroll            |       |     2 |     3 ||     5
Armor: Leather armour    |     9 |    25 |    84 ||   118
Dodge: Dodged            |    20 |    42 |   115 ||   177

Table legend: (Time is in decaauts)
 A = Elapsed time spent in this place.
 B = Non-inter-level travel time spent in this place.
 C = Inter-level travel time spent in this place.
 D = Time resting spent in this place.
 E = Time spent auto-exploring this place.
 F = Levels seen in this place.
 G = Mean time per level.
                   A        B        C        D        E       F      G
               +--------+--------+--------+--------+--------+-----+--------+
         Total |   6976 |   6803 |    173 |   1718 |   4075 |   7 |  996.6 |
       Dungeon |   6976 |   6803 |    173 |   1718 |   4075 |   7 |  996.6 |
               +--------+--------+--------+--------+--------+-----+--------+

Top non-repeatable levels by time:
     D:5: 2458 daAuts
     D:2: 1201 daAuts
     D:4: 1092 daAuts
     D:3: 1040 daAuts
     D:1: 840 daAuts
     D:8: 285 daAuts
     D:6: 58 daAuts
